 Dungeon Crawl Stone Soup version 0.30.0-17-ge0270778cf (webtiles) character file.

Game seed: 12325426601541290426

224 zeram the Chopper (level 5, 0/47 HPs)
             Began as a Minotaur Fighter on May 23, 2023.
             Succumbed to an orc wizard's poison
             ... on level 3 of the Dungeon.
             The game lasted 00:02:34 (2403 turns).

zeram the Chopper (Minotaur Fighter)                Turns: 2403, Time: 00:02:35

Health: 0/47       AC:  8    Str: 23    XL:     5   Next: 67%
Magic:  4/4        EV:  9    Int:  5    God:
Gold:   210        SH:  4    Dex:  9    Spells: 4/4 levels left

rFire   . . .        a - +0 war axe
rCold   . . .        c - +0 buckler
rNeg    . . .        b - +0 scale mail
rPois   .            (helmet restricted)
rElec   .            (no cloak)
rCorr   .            (no gloves)
SInv    .            h - +0 pair of boots
Will    .....        (no amulet) Stlth
                     (no ring)
HPRegen 0.27/turn    (no ring)
MPRegen 0.09/turn

%: no passive effects
@: lethally poisoned (0 -> -22)
A: horns 2, retaliatory headbutt
a: no special abilities


You were on level 3 of the Dungeon.
You visited 1 branch of the dungeon, and saw 3 of its levels.

You collected 210 gold pieces.

Inventory:

Hand Weapons
 a - a +0 war axe (weapon)
Armour
 b - a +0 scale mail (worn)
 c - a +0 buckler (worn)
 h - a +0 pair of boots (worn)
Scrolls
 f - 3 scrolls of identify {unknown}
 g - a scroll of blinking {unknown}
 k - 2 scrolls of teleportation {unknown}
Potions
 e - a potion of degeneration {unknown}
 i - a potion of curing
 j - a potion of berserk rage {unknown}
 l - a potion of attraction {unknown}


   Skills:
 + Level 4.8 Fighting
 + Level 4.9 Axes
 + Level 4.8 Armour
 + Level 0.8 Dodging
 + Level 4.3 Shields


You had 4 spell levels left.
You didn't know any spells.
Your spell library was empty.

Dungeon Overview and Level Annotations

Branches:
Dungeon (3/15)

Altars:


Innate Abilities, Weirdness & Mutations

You have a pair of horns on your head.
You reflexively headbutt those who attack you in melee.


Message History

The orc is heavily wounded.
You barely miss something.
You feel very sick. The orc closely misses you. You furiously retaliate!
You headbutt the orc.
You kill the orc!
You hear some strange, mumbled words.
A puff of flame appears from out of thin air!
The puff of flame hits you!
You miss something.
You feel sick. Something hits you. Something hits you but does no damage.
You are more poisoned.
You closely miss something.
You feel very sick. Something hits you but does no damage.
You are more poisoned.
Unknown command.
You miss something.
* * * LOW HITPOINT WARNING * * *
You feel very sick. Something hits you.
* * * LOW HITPOINT WARNING * * *
You are more poisoned.
Unknown command.
You feel better. Something hits you.
You are poisoned.
You feel very sick.
You hear some strange, mumbled words.
A puff of flame appears from out of thin air!
The puff of flame hits you but does no damage.
You feel sick.
You feel sick.
You miss something.
You feel sick. Something hits you.
* * * LOW HITPOINT WARNING * * *
You are more poisoned.
Something hits you.
* * * LOW HITPOINT WARNING * * *
You are more poisoned.
Unknown command.
You closely miss something.
You die...

###.#.....# .^..#.#...#
#####.##### #.........# #######
#.###.###†### ....... ....#.#
#...# ....... #.#.#.#####.#
####....... ..#.#...#
#.####.{.)...... ###.###.#
#....#@##.......
....###.######.#.# ##...##
.....##......#.#.# #.#
.....###.....#.#.######.#######
.....'.................>......
.....###.......#####........#
....(# ######### #........#
.....# #........# .....#
#|..)....#


There were no monsters in sight!

Vanquished Creatures
  A black bear (D:3)
  5 adders
  A gnoll (D:3)
  3 worms
  4 orcs (D:3)
  8 ball pythons
  6 bats
  4 endoplasms
  4 giant cockroaches
  5 hobgoblins
  3 jackals (D:3)
  5 kobolds
  2 quokkas
  2 frilled lizards (D:3)
  10 goblins
  3 rats
66 creatures vanquished.

Notes
Turn   | Place    | Note
-------+----------+-------------------------------------------
     0 | D:1      | zeram the Minotaur Fighter began the quest for the Orb.
     0 | D:1      | Reached XP level 1. HP: 19/19 MP: 0/0
    89 | D:1      | Reached XP level 2. HP: 17/27 MP: 1/1
   647 | D:1      | You fall into a shaft and drop 1 floor!
   657 | D:2      | Reached XP level 3. HP: 30/33 MP: 2/2
  1010 | D:2      | Found a faded altar of an unknown god.
  1154 | D:2      | Reached XP level 4. HP: 38/41 MP: 3/3
  2030 | D:3      | Noticed a black bear
  2041 | D:3      | Killed a black bear
  2042 | D:3      | Reached XP level 5. HP: 27/47 MP: 4/4
  2150 | D:3      | Identified the +4 cloak of Xomuzuk {Str+3 Dex+2}
  2403 | D:3      | Succumbed to an orc wizard's poison

Illustrated notes

Levels and vault maps discovered:
D:1:      dpeg_arrival_rooms_with_view, layout_loops_ring
D:2:      layout_loops_ring, nicolae_ecumenical_snake_handling
D:3:      layout_basic, minmay_circle_x

Skill      XL: |  1  2  3  4 |
---------------+-------------+-----
Armour         | 4 |  4.8
Shields        | 4 |  4.3
Fighting       | 4 |  4.8
Axes           | 3 4 |  4.9
Dodging        | |  0.8

Action                     |  1- 3 |  4- 6 || total
---------------------------+-------+-------++-------
  Melee: War axe           |    75 |    64 ||   139
         Headbutt          |     6 |     6 ||    12
    Use: Scroll            |     3 |       ||     3
         Potion            |       |     2 ||     2
 Armour: Scale mail        |    49 |    23 ||    72
  Dodge: Dodged            |    42 |    30 ||    72
  Block: Buckler           |    11 |    12 ||    23
